 Dungeon Crawl Stone Soup version 0.24.0-1-gfbc8707122 (webtiles) character file.

Game seed: 16698040843164495674, levelgen mode: deterministic

77 Fingolfin the Sneak (level 4, -2/31 HPs)
             Began as a Merfolk Enchanter on Oct 26, 2019.
             Was a Follower of Hepliaklqana.
             Slain by an iguana (8 damage)
             ... on level 3 of the Dungeon.
             The game lasted 00:08:27 (1866 turns).

Fingolfin the Sneak (Merfolk Enchanter)             Turns: 1866, Time: 00:08:27

Health: -2/31      AC: 11    Str:  9    XL:     4   Next: 33%
Magic:  7/7        EV:  1    Int: 18    God:    Hepliaklqana [*.....]
Gold:   73         SH:  0    Dex: 14    Spells: 6/7 levels left

rFire    . . .     SeeInvis .   a - +1 dagger
rCold    . . .     Gourm    .   (no shield)
rNeg     . . .     Faith    .   q - +0 chain mail
rPois    .         Spirit   .   (no helmet)
rElec    .         Reflect  .   (no cloak)
rCorr    .         Harm     .   f - +2 pair of gloves
MR       .....                  (no boots)
Stlth    ..........             (no amulet)
HPRegen  0.10/turn              j - +4 ring of intelligence
MPRegen  0.10/turn              (no ring)

@: constricted
A: change form in water, swift swim, stealthy swim, reduced essence
a: Recall Ancestor, Ancestor Identity, Renounce Religion


You were on level 3 of the Dungeon.
You worshipped Hepliaklqana.
Hepliaklqana was aware of your devotion.
You were very hungry.

You visited 1 branch of the dungeon, and saw 3 of its levels.

You collected 73 gold pieces.

Inventory:

Hand Weapons
 a - a +1 dagger (weapon)
Missiles
 e - 45 stones
 g - 4 boomerangs (quivered)
 l - 17 poisoned darts
Armour
 f - a +2 pair of gloves (worn)
 q - a +0 chain mail (worn)
Jewellery
 j - a +4 ring of intelligence (left hand)
Scrolls
 h - a scroll of identify {unknown}
 i - a scroll of teleportation {unknown}
 k - 2 scrolls of magic mapping {unknown}
 m - 2 scrolls of noise {unknown}
 n - a scroll of enchant armour {unknown}
 p - a scroll of enchant weapon {unknown}
Potions
 b - a potion of berserk rage {unknown}
 c - a potion of heal wounds
 o - a potion of flight {unknown}
 r - a potion of haste {unknown}
Comestibles
 d - 7 rations


   Skills:
 + Level 3.2 Fighting
 - Level 1.2 Short Blades
 - Level 2.6 Dodging
 - Level 3.2 Stealth
 - Level 2.0 Spellcasting
 - Level 3.0 Hexes
 * Level 2.4 Invocations


You had 6 spell levels left.
You knew the following spells:

 Your Spells              Type           Power        Failure   Level  Hunger
a - Corona                Hex            ##.....      100%        1    #......

Your spell library contained the following spells:

 Spells                   Type           Power        Failure   Level  Hunger
 Ensorcelled Hibernation  Hex/Ice        #.....       100%        2    ###....
 Confuse                  Hex            ##......     100%        3    ###....
 Dazzling Spray           Conj/Hex       #.....       100%        3    ###....
 Tukima's Dance           Hex            ##......     100%        3    ###....


Dungeon Overview and Level Annotations

Branches:
Dungeon (3/15)

Altars:
Hepliaklqana


Message History

The iguana is moderately wounded.
The ball python hisses angrily.
HelpMeWinTourney barely misses the iguana.
The iguana bites you but does no damage.
Your chain mail prevents you from hitting the iguana.
The iguana is moderately wounded.
HelpMeWinTourney hits the iguana.
You hit the iguana but do no damage.
The iguana is heavily wounded.
The iguana bites you!
* * * LOW HITPOINT WARNING * * *
HelpMeWinTourney hits the iguana.
HelpMeWinTourney hits the iguana.
HelpMeWinTourney hits the iguana but does no damage.
The ball python closely misses you. The ball python grabs you.
* * * LOW HITPOINT WARNING * * *
The ball python constricts you.
The iguana hisses menacingly.
The iguana bites you!
You die...

#..............##.##....#
........................#
##### #.#.)...##.#<.#######
#.....#.##.##.......#
#..........##.#####.#
####.###.....###.#####.
#####....##.................
......###...#..S>.........##
.............ORl@...<###....
#########.###......#.# ###
#.# #....#.#.# #########.#
#....#.#.# #......#..#
#....#...# #........##
##..###..# #......### ..##
### #......####.####
##..........#


You could see the friendly HelpMeWinTourney the ancestor, an ogre, an iguana and
a ball python.

Vanquished Creatures
  A worker ant (D:3)
  2 oozes (D:2)
  A dart slug (D:1)
  An orc (D:3)
  A giant cockroach (D:2)
  A goblin (D:2)
  3 hobgoblins
  A jackal (D:2)
  3 kobolds
  7 bats
  2 frilled lizards
  4 rats
27 creatures vanquished.

Vanquished Creatures (collateral kills)
  A worm (D:3)
  2 bats (D:2)
  A giant cockroach (D:2)
  A goblin (D:2)
  3 hobgoblins
  2 jackals (D:2)
  2 kobolds (D:3)
12 creatures vanquished.

Vanquished Creatures (others)
  An ancestor (D:3)
1 creature vanquished.

Grand Total: 40 creatures vanquished

Notes
Turn   | Place    | Note
-------+----------+-------------------------------------------
     0 | D:1      | Fingolfin the Merfolk Enchanter began the quest for the
                  | Orb.
     0 | D:1      | Reached XP level 1. HP: 13/13 MP: 3/3
   138 | D:1      | Reached skill level 1 in Fighting
   384 | D:1      | Reached XP level 2. HP: 22/22 MP: 5/5
   997 | D:2      | Found a hazy altar of Hepliaklqana.
  1013 | D:2      | Became a worshipper of Hepliaklqana the Forgotten
  1044 | D:2      | Reached XP level 3. HP: 24/25 MP: 6/6
  1079 | D:2      | Reached skill level 1 in Invocations
  1658 | D:3      | Reached * piety under Hepliaklqana
  1677 | D:3      | Reached XP level 4. HP: 14/31 MP: 7/7
  1816 | D:3      | Noticed an ogre
  1866 | D:3      | Slain by an iguana

Levels and vault maps discovered:
D:1:      beargit_arrival_greenhouse, layout_loops_ring
D:2:      layout_loops_ring, old_standard_altar
D:3:      layout_rooms, led_sif_pool, cheibrodos_sewer_entry_bend,
          nicolae_ashenzari_panopticon

Skill      XL: |  1  2  3 |
---------------+----------+-----
Fighting       | 1 2 3 |  3.2
Invocations    | 2 |  2.4
Short Blades   | |  1.2
Dodging        | |  2.6
Stealth        | |  3.2
Spellcasting   | |  2.0
Hexes          | |  3.0

Action                   |  1- 3 |  4- 6 || total
-------------------------+-------+-------++-------
Melee: Dagger            |   161 |    14 ||   175
Throw: Boomerang         |     9 |       ||     9
Invok: Ancestor Identity |     1 |       ||     1
  Use: Potion            |       |     1 ||     1
 Stab: Sleeping          |     1 |       ||     1
  Eat: Chunk             |     2 |       ||     2
Armor: Robe              |     7 |       ||     7
       Leather armour    |    17 |       ||    17
       Chain mail        |    53 |    12 ||    65
Dodge: Dodged            |    58 |     2 ||    60
